 Dungeon Crawl Stone Soup version bcrawl-1.39.1 (webtiles) character file.

Game seed: 11489230148793236910

190676 Corvidia the Stinger (level 5, -3/52 HPs)
             Began as a Demonspawn Venom Mage on July 17, 2023.
             Slain by a goblin
             ... wielding a +0 club
             ... led by Robin
              (5 damage)
             ... on level 1 of the Dungeon.
             The game lasted 00:05:34 (1616 turns).

Corvidia the Stinger (Demonspawn Venom Mage)        Turns: 1616, Time: 00:05:35

Health: -3/52      AC:  3    Str: 13    XL:     5   Next: 13%
Magic:  0/8        EV: 12    Int: 17    God:
Gold:   68         SH:  0    Dex: 14    Spells: 2/8 levels left

rFire    . . .     GDR:     26%   - Fists (5.4)
rCold    . . .     SeeInvis .   (no shield)
rNeg     + . .     Gourm    .   a - +0 robe
rPois    .         Faith    .   b - +0 hat
rElec    .         Spirit   +   (no cloak)
rCorr    .         Reflect  .   j - +0 pair of gloves
MR       .....     Rnd*Tele +   (no boots)
Stlth    ..........             f - amulet of the acrobat
HPRegen  0.18/turn              m - ring of teleportation (curse)
MPRegen  0.11/turn              o - ring of positive energy

@: berserking, very slightly contaminated, very quick
A: claws 1, hooves 1, magic shield, rot immunity
a: no special abilities


You were on level 1 of the Dungeon.
You were hungry.

You visited 1 branch of the dungeon, and saw 2 of its levels.

You collected 68 gold pieces.

Inventory:

Missiles
 v - 106 javelins (quivered)
Armour
 a - a +0 robe (worn)
 b - a +0 hat (worn)
 j - a +0 pair of gloves (worn)
 l - a +0 ring mail
Jewellery
 f - an amulet of the acrobat (around neck)
 m - a cursed ring of teleportation (left hand)
 o - a ring of positive energy (right hand)
Wands
 t - a wand of acid (10)
Scrolls
 d - a scroll of immolation
 g - 2 scrolls of revelation
 h - a scroll of blinking {unknown}
 i - a scroll of identify
 k - a scroll of enchant weapon {unknown}
 p - a scroll of teleportation {unknown}
 s - a scroll of fog {unknown}
Potions
 n - 3 potions of lignification {unknown}
 q - 2 potions of curing {unknown}
 u - a potion of might {unknown}
Comestibles
 e - 2 rations {!d}
 r - a chunk of flesh


   Skills:
 + Level 0.0 Fighting
 - Level 2.0 Dodging
 - Level 3.0 Stealth
 + Level 2.0 Unarmed Combat
 - Level 2.0 Spellcasting
 + Level 1.0 Conjurations
 + Level 0.1 Transmutations
 + Level 4.5 Poison Magic


You had 2 spell levels left.
You knew the following spells:

 Your Spells              Type           Power        Failure   Level  Hunger
a - Sting                 Conj/Pois      ##..         6%          1    None
b - Poisonous Vapours     Pois/Air       #.....       12%         2    ##.....
c - Ignite Poison         Fire/Tmut/Pois #.......     30%         3    ####...

Your spell library contained the following spells:

 Spells                   Type           Power        Failure   Level  Hunger
 Olgreb's Toxic Radiance  Pois           ###......    28%         4    ######.
 Summon Scorpions         Summ/Pois      #.......     58%         4    ######.
 Venom Bolt               Conj/Pois      ##........   86%         5    #######


Dungeon Overview and Level Annotations

Branches:
Dungeon (2/12)

Altars:

Annotations:
D:1 Robin


Innate Abilities, Weirdness & Mutations

You have sharp fingernails.
You have large cloven feet.
When hurt, damage is shared between your health and your magic reserves.
You are immune to rotting.


Message History

Casting: Sting (safe; 6% risk of failure)
Confirm with . or Enter, or press ? or * to list all spells.
Aiming: Sting (safe; 6% risk of failure)
Press: ? - help, Shift-Dir - straight line, f/p - Robin
Aim: Robin, wielding a +0 short sword, wearing a +0 animal skin and wearing a +0 helmet (moderately wounded, poisoned)
The sting hits Robin.
Robin looks more poisoned.
Robin is severely wounded.
Robin hits you with a +0 short sword. The goblin hits you.
* * * LOW HITPOINT WARNING * * *
The goblin hits you with a +0 club.
* * * LOW HITPOINT WARNING * * *
Robin hits you with a +0 short sword.
* * * LOW HITPOINT WARNING * * *
The goblin barely misses you.
You climb upwards.
There is a stone staircase leading down here.
A red film seems to cover your vision as you go berserk!
You feel yourself moving faster!
You feel mighty! The goblin hits you with a +0 club.
You die...

#..# ######.#. ##.# ########...
#.# #.....###.# #.# #.....# #.#
#.# #.....# #.# #.# #.....# #..
#g# ##.....##### #g# #....)......
#@#####.##.......#
#g#........>..##.#
######.#.###.#####..... #######
#........# #.# #..... #.....#
#.####...###.# #.....
##.....###.#####......# #.....
#.............##..###.#####.#...
##..(...###.##.##.#..........##.#
........# #..(.##.#######.#######


You could see Robin and 2 goblins.

Vanquished Creatures
  An ogre (D:2)
  Jessica (D:2)
  2 oozes (D:2)
  3 leopard geckos
  6 bats
  2 giant cockroaches (D:2)
  4 goblins
  4 hobgoblins
  3 jackals (D:2)
  A frilled lizard (D:2)
  4 kobolds
  2 rats
33 creatures vanquished.

Notes
Turn   | Place    | Note
-------+----------+-------------------------------------------
     0 | D:1      | Corvidia the Demonspawn Venom Mage began the quest for the
                  | Orb.
     0 | D:1      | Reached XP level 1. HP: 13/13 MP: 3/3
   756 | D:2      | Gained mutation: When hurt, damage is shared between your
                  | health and your magic reserves. [demonic ancestry]
   756 | D:2      | Reached XP level 2. HP: 17/19 MP: 1/5
  1060 | D:2      | Noticed Jessica
  1066 | D:2      | Killed Jessica
  1067 | D:2      | Gained mutation: You have sharp fingernails. [demonic
                  | ancestry]
  1067 | D:2      | Reached XP level 3. HP: 24/24 MP: 0/6
  1125 | D:2      | Noticed an ogre
  1315 | D:2      | Killed an ogre
  1316 | D:2      | Reached skill level 1 in Unarmed Combat
  1316 | D:2      | Reached skill level 4 in Poison Magic
  1316 | D:2      | Gained mutation: You have large cloven feet. [demonic
                  | ancestry]
  1316 | D:2      | Reached XP level 4. HP: 29/30 MP: 1/7
  1316 | D:2      | Gained mutation: You are immune to rotting. [demonic
                  | ancestry]
  1316 | D:2      | Reached XP level 5. HP: 34/35 MP: 1/8
  1432 | D:2      | Learned a level 2 spell: Poisonous Vapours
  1436 | D:2      | Learned a level 3 spell: Ignite Poison
  1602 | D:2      | Noticed Robin
  1614 | D:2      | HP: 1/35 [Robin/+0 short sword (3)]
  1616 | D:1      | Slain by a goblin

Skill      XL: |  1  2  3  4  5 |
---------------+----------------+-----
Dodging        | 2 |  2.0
Stealth        | 3 |  3.0
Unarmed Combat | 1 2 |  2.0
Poison Magic   | 4 |  4.5
Spellcasting   | |  2.0
Conjurations   | |  1.0
Transmutations | |  0.1

Action                   |  1- 3 |  4- 6 || total
-------------------------+-------+-------++-------
Melee: Unarmed           |    58 |    31 ||    89
       Kick              |       |     9 ||     9
 Cast: Sting             |    45 |    10 ||    55
  Use: Scroll            |     2 |       ||     2
       Potion            |       |     1 ||     1
 Stab: Sleeping          |     1 |       ||     1
  Eat: Chunk             |     4 |     1 ||     5
Armor: Robe              |    15 |     5 ||    20
Dodge: Dodged            |    68 |    24 ||    92
